 Dungeon Crawl Stone Soup version 0.23.2-33-g5129a83184 (webtiles) character file.

Game seed: 17108158857298450796

2286 misha the Cleaver (level 9, -15/115 HPs)
             Began as a Hill Orc Fighter on July 25, 2019.
             Was a Believer of Trog.
             Demolished by an orc warrior
             ... wielding a +0 glaive
              (19 damage)
             ... in a bailey.
             The game lasted 00:16:52 (5984 turns).

misha the Cleaver (Hill Orc Fighter)                Turns: 5984, Time: 00:16:53

Health: -15/115    AC: 13    Str: 35    XL:     9   Next: 39%
Magic:  9/9        EV:  6    Int:  8    God:    Trog [**....]
Gold:   402        SH: 11    Dex: 10    Spells: 8/8 levels left

rFire    . . .     SeeInvis .   a - +0 war axe
rCold    . . .     Gourm    .   c - +0 shield
rNeg     . . .     Faith    .   y - +0 plate armour
rPois    .         Spirit   .   i - +2 hat
rElec    .         Reflect  .   (no cloak)
rCorr    .         Harm     .   (no gloves)
MR       .....                  (no boots)
Stlth    ..........             (no amulet)
HPRegen  0.29/turn              v - +6 ring of strength
MPRegen  0.11/turn              p - +2 ring of strength

@: berserking, very quick
A: no striking features
a: Berserk, Trog's Hand, Renounce Religion


You were in a bailey.
You worshipped Trog.
Trog was pleased with you.
You were not hungry.

You visited 1 branch of the dungeon, and saw 7 of its levels.
You also visited: Bailey.

You collected 402 gold pieces.

Inventory:

Hand Weapons
 a - a +0 war axe (weapon)
 j - a +1 whip of electrocution
Armour
 c - a +0 shield (worn)
 i - a +2 hat (worn)
 y - a +0 plate armour (worn)
Jewellery
 p - a +2 ring of strength (right hand)
 v - a +6 ring of strength (left hand)
 B - an uncursed ring of ice {unknown}
Wands
 C - a wand of polymorph (7)
 D - a wand of digging (5)
Scrolls
 b - a scroll of blinking
 g - a scroll of teleportation
 h - 2 scrolls of random uselessness {unknown}
 l - a scroll of immolation {unknown}
 m - a scroll of amnesia {unknown}
 q - 5 scrolls of fear {unknown}
 r - 3 scrolls of magic mapping {unknown}
 s - 3 scrolls of identify
 u - 3 scrolls of remove curse {unknown}
 x - a scroll of enchant armour {unknown}
Potions
 d - a potion of might
 e - a potion of flight
 k - a potion of haste
 n - a potion of berserk rage {unknown}
 o - 2 potions of curing
 t - a potion of heal wounds
 w - a potion of invisibility
 z - a potion of mutation {unknown}
 A - a potion of ambrosia
 E - a potion of cancellation {unknown}
Comestibles
 f - 8 rations


   Skills:
 + Level 6.3 Fighting
 * Level 13.1 Axes
 + Level 1.0(7.3) Maces & Flails
 - Level 3.4 Armour
 + Level 0.1 Stealth
 + Level 6.1 Shields
 + Level 0.1 Evocations


You had 8 spell levels left.
You didn't know any spells.
Your spell library contained the following spells:

 Spells                   Type           Power        Failure   Level  Hunger
 Confusing Touch          Hex            #.....       100%        1    ##.....
 Confuse                  Hex            #.......     100%        3    ####...
 Gell's Gravitas          Tloc           #.........   100%        3    ####...
 Petrify                  Tmut/Erth      #.......     100%        4    #####..
 Metabolic Englaciation   Hex/Ice        #.........   100%        5    ######.
 Yara's Violent Unravell  Hex/Tmut       #.........   100%        5    ######.


Dungeon Overview and Level Annotations

Branches:
Dungeon (7/15)
 Temple: D:4-7

Altars:
Ashenzari
Dithmenos
Hepliaklqana
Kikubaaqudgha
Okawaru
Trog
Yredelemnul
The Shining One


Message History

Unknown command.
The orc warrior hits you with a +0 halberd!
The orc warrior hits you with a +0 trident.
The orc warrior hits you from afar with a +0 spear.
The orc warrior hits you with a +0 glaive!!
* * * LOW HITPOINT WARNING * * *
You block the orc's attack. The orc hits you but does no damage.
You see here a +0 trident.
You are too injured to fight recklessly!
Unknown command.
You are too injured to fight recklessly!
A red film seems to cover your vision as you go berserk!
You feel yourself moving faster!
You feel mighty!
You feel quite a bit more hungry. The orc warrior barely misses you.
You block the orc warrior's attack. The orc warrior barely misses you.
The orc warrior hits you from afar with a +0 spear!
* * * LOW HITPOINT WARNING * * *
The orc barely misses you.
The orc warrior hits you with a +0 glaive!!
You die...

########## ######
∩........## ##.....##
).........######.o.....#
))........#....#)oo....'
.)........'....'@ooo...'
))........#....#.oo....'
..........######.o.....#
∩........## ##.....##
########## ######


You could see 5 orc warriors and 4 orcs.

Vanquished Creatures
  Grinder (D:5)
  3 orc warriors
  An ice beast (D:5)
  A black bear (D:6)
  2 sky beasts
  An ogre (D:4)
  2 phantoms
  A centaur (D:6)
  2 bullfrogs (D:6)
  2 scorpions (D:6)
  2 crimson imps (D:5)
  2 centaur zombies
  4 orc priests
  2 jellies (D:6)
  3 centaur skeletons
  6 worker ants
  A hound zombie (D:4)
  A hound skeleton (D:4)
  2 worker ant zombies
  3 gnolls (D:4)
  10 adders
  2 oozes
  An adder skeleton (D:6)
  2 adder zombies (D:4)
  A worm (D:2)
  8 dart slugs
  A leopard gecko (D:3)
  39 orcs
  6 giant cockroaches
  4 goblins
  4 hobgoblins
  5 jackals
  5 quokkas
  2 ball pythons
  6 bats
  9 frilled lizards
  7 kobolds
  A leopard gecko skeleton (D:5)
  A leopard gecko zombie (D:6)
  A quokka skeleton (D:4)
  A quokka zombie (D:4)
  11 rats
169 creatures vanquished.

Notes
Turn   | Place    | Note
-------+----------+-------------------------------------------
     0 | D:1      | misha the Hill Orc Fighter began the quest for the Orb.
     0 | D:1      | Reached XP level 1. HP: 19/19 MP: 1/1
    20 | D:1      | Reached XP level 2. HP: 23/27 MP: 2/2
   103 | D:1      | Reached skill level 3 in Axes
   452 | D:1      | Reached XP level 3. HP: 33/33 MP: 3/3
   576 | D:1      | Found a basalt altar of Yredelemnul.
   891 | D:2      | Reached skill level 4 in Axes
   964 | D:2      | Reached XP level 4. HP: 27/40 MP: 4/4
   989 | D:2      | Found an ancient bone altar of Kikubaaqudgha.
  1424 | D:3      | Noticed a moth of wrath
  1566 | D:3      | Reached skill level 1 in Maces & Flails
  1635 | D:3      | Reached XP level 5. HP: 24/46 MP: 5/5
  1967 | D:3      | Found a shattered altar of Ashenzari.
  2080 | D:3      | Found a hazy altar of Hepliaklqana.
  2101 | D:3      | Reached skill level 5 in Axes
  2407 | D:3      | Found a bloodstained altar of Trog.
  2428 | D:3      | Became a worshipper of Trog the Wrathful
  2761 | D:4      | Found a shadowy altar of Dithmenos.
  2866 | D:4      | Reached skill level 6 in Axes
  2866 | D:4      | Reached XP level 6. HP: 41/53 MP: 6/6
  2876 | D:4      | Reached skill level 7 in Axes
  3148 | D:4      | Noticed a phantom
  3202 | D:4      | Killed a phantom
  3202 | D:4      | Reached skill level 8 in Axes
  3202 | D:4      | Reached XP level 7. HP: 43/60 MP: 7/7
  3211 | D:4      | Reached * piety under Trog
  3427 | D:4      | Found an iron altar of Okawaru.
  3804 | D:5      | Entered Level 5 of the Dungeon
  3830 | D:5      | Reached skill level 5 in Fighting
  3830 | D:5      | Reached skill level 9 in Axes
  3867 | D:5      | Noticed Grinder
  3874 | D:5      | Paralysed by Grinder for 3 turns
  3879 | D:5      | Killed Grinder
  3879 | D:5      | Reached XP level 8. HP: 68/68 MP: 8/8
  3939 | D:5      | Reached skill level 10 in Axes
  3953 | D:5      | Found a glowing golden altar of the Shining One.
  4086 | D:5      | Reached skill level 5 in Shields
  4686 | D:5      | Reached skill level 11 in Axes
  5118 | D:6      | Reached skill level 12 in Axes
  5122 | D:6      | Reached ** piety under Trog
  5199 | D:6      | Reached XP level 9. HP: 73/75 MP: 9/9
  5679 | D:7      | Found a flagged portal.
  5690 | Bailey   | Entered a bailey
  5715 | Bailey   | Reached skill level 13 in Axes
  5984 | Bailey   | HP: 4/115 [orc warrior/+0 spear (16)]
  5984 | Bailey   | Demolished by an orc warrior

Skill      XL: |  1  2  3  4  5  6  7  8  9 |
---------------+----------------------------+-----
Axes           | 3 4 6 8 9 12 13 | 13.1
Fighting       | 4 5 6 |  6.3
Shields        | 4 5 6 |  6.1
Maces & Flails | 1 |  1.0
Armour         | |  3.4
Stealth        | |  0.1
Evocations     | |  0.1

Action                   |  1- 3 |  4- 6 |  7- 9 || total
-------------------------+-------+-------+-------++-------
Melee: War axe           |    57 |   219 |   287 ||   563
       Whip              |    56 |       |       ||    56
Invok: Berserk           |       |       |     4 ||     4
Evoke: Wand              |       |       |     2 ||     2
  Use: Potion            |       |     2 |       ||     2
       Scroll            |       |       |     6 ||     6
  Eat: Chunk             |       |     4 |     7 ||    11
       Ration            |       |     1 |     2 ||     3
Armor: Scale mail        |    38 |     5 |       ||    43
       Chain mail        |       |   117 |    17 ||   134
       Plate armour      |       |       |   122 ||   122
Dodge: Dodged            |    35 |    57 |    56 ||   148
Block: Shield            |    53 |   100 |   160 ||   313
